 Dungeon Crawl Stone Soup version 0.29-a0-378-gc08b2e8bf8 (webtiles) character file.

Game seed: 9908879101404393069

85 asterach the Skirmisher (level 4, -3/24 HPs)
             Began as a Vine Stalker Monk on May 4, 2022.
             Killed from afar by Ijyb (9 damage)
             ... with a puff of flame
             ... on level 3 of the Dungeon.
             The game lasted 00:05:23 (2959 turns).

asterach the Skirmisher (Vine Stalker Monk)         Turns: 2959, Time: 00:05:23

Health: -3/24      AC:  4    Str: 14    XL:     4   Next: 48%
Magic:  0/5        EV: 12    Int: 10    God:
Gold:   121        SH:  0    Dex: 18    Spells: 3/3 levels left

rFire   . . .      SeeInvis .   a - +0 falchion
rCold   . . .      Faith    .   (no shield)
rNeg    . . .      Spirit   +   f - +0 leather armour
rPois   .          Reflect  .   (no helmet)
rElec   .          Harm     .   (no cloak)
rCorr   .          Rampage  .   (no gloves)
Will    .....                   k - +0 pair of boots
Stlth   ++........              (no amulet)
HPRegen 0.88/turn               (no ring)
MPRegen 0.09/turn               (no ring)

@: no status effects
A: fangs 2, regeneration 1, magic shield, antimagic bite, no potion heal 2
a: no special abilities


You were on level 3 of the Dungeon.
You visited 1 branch of the dungeon, and saw 3 of its levels.

You collected 121 gold pieces.

Inventory:

Hand Weapons
 a - a +0 falchion (weapon)
Armour
 f - a +0 leather armour (worn)
 k - a +0 pair of boots (worn)
Scrolls
 b - a scroll of immolation {unknown}
 e - 2 scrolls of poison {unknown}
 g - 2 scrolls of magic mapping {unknown}
 h - 4 scrolls of identify {unknown}
Potions
 c - a potion of ambrosia
 d - a potion of cancellation {unknown}
 i - a potion of lignification {unknown}
 j - a potion of curing {unknown}


   Skills:
 + Level 3.4 Fighting
 + Level 3.4 Long Blades
 + Level 1.0 Armour
 + Level 2.7 Dodging
 + Level 2.7 Stealth


You had 3 spell levels left.
You didn't know any spells.
Your spell library was empty.

Dungeon Overview and Level Annotations

Branches:
Dungeon (3/15)

Altars:
The Shining One

Annotations:
D:2 fire treasure
D:3 Ijyb


Innate Abilities, Weirdness & Mutations

You have extremely sharp teeth.
Your natural rate of healing is unusually fast.
When hurt, damage is shared between your health and your magic reserves.
Your bite disrupts and absorbs the magic of your enemies.
Potions cannot restore your health.


Message History

Ijyb is wielding a +0 club and carrying a wand of flame (7).
The endoplasm freezes you.
You are frozen.
You hit the endoplasm.
You bite the endoplasm, but do no damage.
The endoplasm is moderately wounded.
The endoplasm freezes you.
You are frozen.
You hit the endoplasm. You bite the endoplasm.
You kill the endoplasm!
No target in view!
No target in view!
Ijyb is nearby!
An endoplasm comes into view.
Found a dagger and 9 gold pieces.
You see here a scroll labelled CITEFE DUERE.
The helpless Ijyb fails to defend herself.
You hit Ijyb.
Ijyb is moderately wounded.
Ijyb closely misses you. The endoplasm barely misses you.
You hit Ijyb. Your bite misses Ijyb.
Ijyb is heavily wounded.
Ijyb hits you with a +0 club. The endoplasm closely misses you.
You hit Ijyb but do no damage. You bite Ijyb. You drain her power.
Ijyb is heavily wounded.
Ijyb zaps a wand.
The puff of flame hits you! The endoplasm hits you.
You are too injured to fight recklessly!
You are too injured to fight recklessly!
You barely miss the endoplasm. You bite the endoplasm. You drain its power.
You feel invigorated.
The endoplasm is almost dead.
Ijyb barely misses you. The endoplasm closely misses you.
You hit the endoplasm.
You kill the endoplasm!
Ijyb hits you with a +0 club.
Ijyb zaps a wand.
The puff of flame hits you!
* * * LOW HITPOINT WARNING * * *
You hit Ijyb. Your bite misses Ijyb.
Ijyb is severely wounded.
Ijyb zaps a wand.
The puff of flame hits you!
You die...

#.###.##...#
#...# ##.#..#
#..## #....##
#..#..#
#..##...# #
#..# ####
#.##.?##...##
#...>....)...
###..@##$..##
#.g## ### #..
#.. #.. #..
#.# #.


You could see Ijyb.

Vanquished Creatures
  2 adders
  3 worms (D:2)
  2 dart slugs (D:1)
  An orc (D:2)
  3 ball pythons
  6 endoplasms
  A giant cockroach (D:2)
  5 goblins
  7 hobgoblins
  2 kobolds (D:1)
  3 quokkas (D:2)
  6 bats
  6 frilled lizards
  4 rats
51 creatures vanquished.

Notes
Turn   | Place    | Note
-------+----------+-------------------------------------------
     0 | D:1      | asterach the Vine Stalker Monk began the quest for the Orb.
     0 | D:1      | Reached XP level 1. HP: 11/11 MP: 2/2
   127 | D:1      | Reached XP level 2. HP: 16/16 MP: 3/3
   720 | D:1      | Reached XP level 3. HP: 20/20 MP: 4/4
   857 | D:1      | Found a faded altar of an unknown god.
  1998 | D:2      | Gained mutation: Your natural rate of healing is unusually
                  | fast. [Vine Stalker growth]
  1998 | D:2      | Reached XP level 4. HP: 24/24 MP: 5/5
  2246 | D:2      | Reached skill level 1 in Armour
  2281 | D:2      | Found a glowing golden altar of the Shining One.
  2939 | D:3      | Noticed Ijyb
  2959 | D:3      | Killed from afar by Ijyb

Illustrated notes

Levels and vault maps discovered:
D:1:      saegor_arrival_simple_c, layout_loops_ring, basic_ecumenical_altar,
          serial_park_tiny_pond
D:2:      layout_loops_ring, basic_altar, grunt_ministairs_13,
          lemuel_flame_loot_1
D:3:      layout_loops_ring, dreamdust_divine_triumvirate, uniq_ijyb

Skill      XL: |  1  2  3  4 |
---------------+-------------+-----
Fighting       | 3 |  3.4
Long Blades    | 3 |  3.4
Armour         | 1 |  1.0
Dodging        | |  2.7
Stealth        | |  2.7

Action                   |  1- 3 |  4- 6 || total
-------------------------+-------+-------++-------
Melee: Falchion          |   105 |    37 ||   142
       Bite              |    30 |    11 ||    41
       Punch             |     1 |       ||     1
  Use: Potion            |     1 |       ||     1
 Stab: Sleeping          |     5 |     4 ||     9
Armor: Robe              |     4 |       ||     4
       Leather armour    |    18 |     4 ||    22
Dodge: Dodged            |    71 |    14 ||    85

Table legend: (Time is in decaauts)
 A = Elapsed time spent in this place.
 B = Non-inter-level travel time spent in this place.
 C = Inter-level travel time spent in this place.
 D = Time resting spent in this place.
 E = Time spent auto-exploring this place.
 F = Levels seen in this place.
 G = Mean time per level.
                   A        B        C        D        E       F      G
               +--------+--------+--------+--------+--------+-----+--------+
         Total |   2984 |   2915 |     69 |    709 |   1804 |   3 |  994.7 |
       Dungeon |   2984 |   2915 |     69 |    709 |   1804 |   3 |  994.7 |
               +--------+--------+--------+--------+--------+-----+--------+

Top non-repeatable levels by time:
     D:2: 1459 daAuts
     D:1: 1161 daAuts
     D:3: 362 daAuts
